 Dungeon Crawl Stone Soup version 0.22.1-2-g9c5b331383 (webtiles) character file.

164 Cykl0x the Firebug (level 5, -1/32 HPs)
             Began as an Octopode Fire Elementalist on Dec 26, 2018.
             Slain by an orc
             ... wielding a +0 club
              (5 damage)
             ... on level 3 of the Dungeon.
             The game lasted 00:20:48 (3977 turns).

Cykl0x the Firebug (Octopode Fire Elementalist)     Turns: 3977, Time: 00:20:49

Health: -1/32      AC:  1    Str:  7    XL:     5   Next: 45%
Magic:  0/9        EV: 14    Int: 18    God:
Gold:   119        SH:  0    Dex: 13    Spells: 3/9 levels left

rFire    . . .     SeeInvis .   h - -2 short sword (curse)
rCold    . . .     Gourm    .   (no shield)
rNeg     . . .     Faith    .   (helmet restricted)
rPois    .         Spirit   .   (no amulet)
rElec    .         Reflect  .   (no ring)
rCorr    .         Harm     .   (no ring)
MR       .....                  (no ring)
Stlth    +++.......             (no ring)
HPRegen  0.10/turn              (no ring)
MPRegen  0.11/turn              (no ring)
                                (no ring)
                                (no ring)

@: no status effects
A: almost no armour, stealthy swim, amphibious, 8 rings, constrict 8, camouflage
1, gelatinous body 1
a: no special abilities


You were on level 3 of the Dungeon.
You were not hungry.

You visited 1 branch of the dungeon, and saw 3 of its levels.

You collected 119 gold pieces.

Inventory:

Hand Weapons
 a - a +0 dagger
 h - a cursed -2 short sword (weapon)
 i - a +0 short sword
Missiles
 c - 46 stones (quivered)
 g - 10 poisoned needles
Scrolls
 e - a scroll of amnesia
 f - 2 scrolls of blinking
Potions
 d - a potion of lignification
Comestibles
 b - 7 rations
 j - a chunk of flesh


   Skills:
 + Level 0.3 Fighting
 + Level 0.1 Short Blades
 + Level 2.6 Dodging
 + Level 3.6 Stealth
 + Level 0.8 Unarmed Combat
 + Level 2.8 Spellcasting
 + Level 2.1 Conjurations
 + Level 4.1 Fire Magic


You had 3 spell levels left.
You knew the following spells:

 Your Spells              Type           Power        Failure   Level  Hunger
a - Flame Tongue          Conj/Fire      ##...        4%          1    None
b - Throw Flame           Conj/Fire      ##....       7%          2    ##.....
c - Conjure Flame         Conj/Fire      ##......     14%         3    ###....

Your spell library contained the following spells:

 Spells                   Type           Power        Failure   Level  Hunger
 Inner Flame              Hex/Fire       ##......     22%         3    ###....
 Sticky Flame             Conj/Fire      ##......     41%         4    ####...
 Fireball                 Conj/Fire      ##........   77%         5    ######.


Dungeon Overview and Level Annotations

Branches:
Dungeon (3/15)

Altars:
Fedhas
Makhleb


Innate Abilities, Weirdness & Mutations

You cannot wear most types of armour.
You are very stealthy in the water. (Stealth+)
You are amphibious.
You can wear up to eight rings at the same time.
You can use your tentacles to constrict eight enemies at once.
Your skin changes colour to match your surroundings (Stealth+).
Your rubbery body absorbs attacks. (AC +1, EV +1)


Message History

Press: ? - help, Shift-Dir - straight line, f - orc priest, p - orc
Aim: an orc priest, wielding a dagger The flame tongue hits the orc priest.
The orc priest is moderately wounded.
The orc priest invokes the aid of Beogh against you.
Pain shoots through your body!
* * * LOW HITPOINT WARNING * * *
The orc hits you with a club.
* * * LOW HITPOINT WARNING * * *
A quokka comes into view.
You hit the orc priest but do no damage.
You grab the orc priest.
The orc priest is moderately wounded.
You hear the rapid rusting of a very distant drain.
You constrict the orc priest. The jackal bites you.
* * * LOW HITPOINT WARNING * * *
The orc hits you but does no damage.
The orc priest calls upon Beogh to heal the orc.
The orc is healed somewhat.
The orc hits you with a club.
You die...

........o.......###....
#....r.#..##........
..>.......###......(.
...
..(..................
...
#......$..............
#..
#.............##...##?
#.#
#..........h........#
#.#
#.......ooo..........
#.#
##...$...@h......?...
#.#
#.......?............ #
#<#
#(.....................
#.#
#...........††.....#...
#.#
#..<.......#...##......
#.##
#%...........#)##......
...#
##..........##.÷.......
...#
##....................
...#
#..#..######.#.......


You could see an orc priest, 2 orcs, a quokka and 2 jackals.

Vanquished Creatures
  An orc priest (D:3)
  Terence (D:2)
  Robin (D:2)
  2 adders (D:2)
  2 worms (D:2)
  4 dart slugs
  2 giant cockroaches (D:2)
  12 goblins
  12 hobgoblins
  4 jackals (D:1)
  5 kobolds
  3 ball pythons
  8 bats
  8 frilled lizards
  3 rats
68 creatures vanquished.

Notes
Turn   | Place    | Note
-------+----------+-------------------------------------------
     0 | D:1      | Cykl0x the Octopode Fire Elementalist began the quest for
                  | the Orb.
     0 | D:1      | Reached XP level 1. HP: 11/11 MP: 3/3
   126 | D:1      | Reached XP level 2. HP: 17/17 MP: 1/5
   130 | D:1      | Learned a level 2 spell: Throw Flame
   509 | D:1      | Reached XP level 3. HP: 21/21 MP: 0/6
   677 | D:1      | Learned a level 3 spell: Conjure Flame
  1253 | D:2      | Noticed Terence
  1608 | D:2      | Killed Terence
  1608 | D:2      | Reached XP level 4. HP: 8/27 MP: 2/7
  1790 | D:2      | Found a blossoming altar of Fedhas.
  1856 | D:2      | Found a burning altar of Makhleb.
  2225 | D:2      | Noticed Robin
  2590 | D:2      | Reached skill level 4 in Fire Magic
  2958 | D:2      | Killed Robin
  2958 | D:2      | Reached XP level 5. HP: 9/31 MP: 2/8
  3977 | D:3      | Slain by an orc

Skill      XL: |  1  2  3  4 |
---------------+-------------+-----
Stealth        | 3 |  3.6
Fire Magic     | 4 |  4.1
Conjurations   | 2 |  2.1
Fighting       | |  0.3
Short Blades   | |  0.1
Dodging        | |  2.6
Unarmed Combat | |  0.8
Spellcasting   | |  2.8

Action                   |  1- 3 |  4- 6 || total
-------------------------+-------+-------++-------
Melee: Unarmed           |    55 |    18 ||    73
       Constrict         |    11 |    18 ||    29
       Tentacles         |     8 |    11 ||    19
       Dagger            |       |    16 ||    16
       Short sword       |       |    20 ||    20
 Cast: Flame Tongue      |    30 |    23 ||    53
       Throw Flame       |    18 |    22 ||    40
       Conjure Flame     |     1 |     2 ||     3
  Use: Scroll            |     7 |     3 ||    10
 Stab: Sleeping          |     6 |     2 ||     8
  Eat: Chunk             |     3 |    10 ||    13
Armor: Skin              |     7 |     7 ||    14
Dodge: Dodged            |    37 |    56 ||    93
